Map: [ESL] Oceanborn

Players

Serral - Winner!

  • Race: Zerg Zerg
  • Spawn Location: 5:00

LiquidClem (Clem)

  • Race: Terran Terran
  • League: Grandmaster
  • Spawn Location: 11:00

Event: HomeStory Cup XXIV

VOD

Have the link to the VOD?

Description

Time

  • Played on: Dec. 3, 2023, 7:28 p.m.
  • Length: 11:48

All games in this series

Show
View Real Time Build Order
Export as new Build Order

Serral Zerg - Winner!

Build Orders: Hatch First, Lurkers 

Get SALT Encoding   

  12  0:00  Drone  
  13  0:07  Drone  
  13  0:14  Extractor, Drone  
  15  0:36  Hatchery  
  15  0:41  Extractor, Drone  
  15  0:47  Overlord  
  15  1:01  Spawning Pool  
  14  1:05  Drone  
  14  1:09  Drone  
  16  1:12  Drone  
  16  1:16  Drone  
  18  1:27  Extractor, Drone  
  18  1:38  Drone  
  19  1:47  Queen  
  19  1:48  Queen  
  19  1:49  Drone  
  19  1:51  Drone  
  25  1:58  Drone  
  25  1:59  Overlord  
  26  2:09  Drone  
  26  2:10  Drone  
  28  2:20  Drone  
  28  2:21  Drone  
  30  2:23  Queen  
  32  2:31  Drone  
  32  2:32  Metabolic Boost  
  32  2:33  Overlord  
  33  2:44  Drone  
  33  2:50  Hatchery  
  33  2:52  Drone  
  33  2:53  Drone  
  33  2:56  Drone x2  
  37  2:59  Drone  
  37  3:00  Drone  
  37  3:02  Drone  
  37  3:05  Drone  
  41  3:08  Overlord  
  41  3:14  Queen  
  43  3:21  Overlord  
  43  3:25  Zergling x2, Queen  
  46  3:28  Zergling x4  
  46  3:32  Zergling x2  
  46  3:33  Zergling x4  
  51  3:38  Zergling x2  
  53  3:41  Zergling x6  
  53  3:47  Overlord  
  55  3:54  Zergling x2  
  55  4:04  Drone x6  
  55  4:08  Drone  
  55  4:09  Drone x2  
  62  4:12  Drone  
  62  4:14  Queen  
  62  4:15  Queen  
  62  4:16  Overlord  
  67  4:20  Overlord  
  67  4:22  Drone  
  68  4:24  Drone  
  68  4:26  Lair  
  69  4:34  Spore Crawler, Roach Warren, Overlord  
  69  4:35  Drone  
  69  4:36  Drone  
  69  4:41  Drone, Spore Crawler  
  69  4:42  Drone x2  
  69  4:45  Drone x3  
  74  4:47  Drone  
  74  4:50  Extractor x2  
  74  4:51  Drone x2  
  75  4:54  Drone x2  
  75  4:57  Overlord  
  75  4:58  Drone  
  75  4:59  Drone  
  81  5:08  Zergling x6  
  86  5:14  Roach x3  
  86  5:16  Overlord  
  86  5:19  Overlord  
  86  5:21  Roach x3  
  96  5:25  Extractor  
  95  5:30  Drone x4, Evolution Chamber x2  
  95  5:31  Drone  
  95  5:33  Overseer  
  98  5:37  Extractor  
  98  5:38  Extractor  
  98  5:39  Drone x5  
  99  5:43  Overseer  
  99  5:44  Drone x7  
  99  5:46  Glial Reconstitution  
  106  5:54  Overlord  
  106  5:55  Roach x2  
  110  6:02  Ravager x2  
  111  6:06  Overlord  
  111  6:07  Roach  
  111  6:10  Overlord x2  
  113  6:12  Zerg Missile Weapons Level 1  
  113  6:17  Roach x4  
  113  6:18  Hatchery  
  120  6:29  Zergling x2, Roach x7  
  134  6:35  Zergling x8  
  130  6:42  Zerg Ground Armor Level 1  
  130  6:44  Overlord  
  130  6:45  Roach x4  
  137  6:51  Infestation Pit  
  137  6:53  Ravager  
  137  6:59  Overlord  
  136  7:03  Drone x6  
  136  7:04  Ravager x2  
  136  7:06  Drone  
  143  7:09  Drone  
  143  7:11  Drone x2  
  145  7:15  Overlord  
  145  7:17  Drone x7  
  145  7:21  Drone  
  148  7:27  Roach  
  144  7:31  Roach x3  
  144  7:33  Hive  
  144  7:35  Hydralisk Den  
  144  7:36  Extractor  
  146  7:39  Roach x2  
  146  7:42  Roach x2  
  152  7:44  Zergling x2  
  152  7:45  Zergling x12  
  152  7:50  Roach  
  157  7:55  Extractor, Overlord  
  157  7:56  Roach x2  
  160  8:01  Zergling x2  
  160  8:05  Zergling x10  
  164  8:08  Overlord  
  164  8:09  Zerg Missile Weapons Level 2  
  164  8:12  Grooved Spines, Hatchery  
  163  8:15  Lurker Den  
  163  8:16  Zergling x22  
  171  8:22  Overlord  
  171  8:24  Overlord  
  171  8:34  Overlord  
  171  8:36  Zerg Ground Armor Level 2  
  171  8:45  Viper x2  
  171  8:47  Hydralisk x8  
  193  8:57  Spore Crawler  
  192  9:05  Extractor  
  192  9:06  Extractor  
  192  9:07  Drone x3  
  193  9:14  Seismic Spines, Lurker x3  
  193  9:15  Muscular Augments  
  195  9:29  Pneumatized Carapace  
  195  9:30  Drone x3  
  198  9:31  Lurker  
  198  9:32  Lurker  
  198  9:35  Overseer  
  198  9:38  Overseer  
  195  9:48  Lurker x3  
  198  9:59  Drone x2  
  200  10:03  Spore Crawler  
  200  10:04  Spore Crawler  
  198  10:11  Adaptive Talons  
  198  10:12  Overseer  
  198  10:13  Hydralisk  
  195  10:33  Hydralisk x6  
  194  10:41  Overseer  
  189  10:47  Lurker  
  190  10:58  Hydralisk x4  
  190  10:59  Zergling x4  
  190  11:03  Overseer  
  200  11:08  Zergling x10  
  193  11:24  Zergling x4, Hydralisk x6  
  193  11:25  Zergling x4  
  197  11:32  Baneling Nest  
Show
View Real Time Build Order
Export as new Build Order

LiquidClem Terran 

Build Orders: 2 Factory, Gas First Reaper Expand 

Get SALT Encoding   

  12  0:00  SCV  
  13  0:12  SCV  
  14  0:19  Supply Depot  
  14  0:24  SCV  
  15  0:33  Refinery  
  15  0:40  SCV  
  16  0:43  Barracks  
  16  0:52  SCV  
  17  1:04  SCV  
  18  1:16  SCV  
  19  1:30  Orbital Command, Reaper  
  20  1:41  Command Center  
  20  1:53  Factory  
  20  1:56  SCV  
  21  2:03  Supply Depot  
  21  2:08  SCV  
  22  2:11  Barracks Reactor  
  22  2:12  Refinery  
  22  2:20  SCV  
  23  2:32  SCV  
  24  2:44  SCV  
  24  2:49  Factory  
  25  2:52  Hellion x2  
  25  2:53  Orbital Command  
  25  2:56  SCV  
  30  3:07  Barracks Tech Lab  
  30  3:08  SCV  
  31  3:13  Cyclone x2  
  35  3:20  SCV x2  
  35  3:26  Supply Depot  
  37  3:32  SCV x2  
  39  3:35  Marine  
  40  3:42  Cyclone, Hurricane Engines  
  40  3:45  Cyclone  
  40  3:46  Hellion  
  40  3:48  SCV  
  47  3:51  SCV  
  48  3:57  Barracks Tech Lab  
  48  4:00  SCV  
  49  4:03  SCV  
  49  4:08  Cyclone  
  50  4:12  SCV  
  50  4:14  Cyclone, Supply Depot  
  50  4:15  SCV  
  52  4:24  SCV  
  52  4:27  SCV  
  52  4:30  Command Center  
  54  4:35  Supply Depot  
  54  4:36  Cyclone  
  57  4:38  SCV  
  57  4:39  SCV  
  57  4:42  Cyclone  
  57  4:44  Stimpack  
  60  4:50  SCV  
  61  4:54  SCV  
  61  4:55  Supply Depot  
  61  4:57  Hellion  
  61  4:58  Refinery  
  64  5:02  SCV  
  64  5:06  SCV  
  66  5:08  Cyclone  
  68  5:14  SCV  
  68  5:17  Barracks, Engineering Bay  
  68  5:18  SCV, Engineering Bay  
  68  5:21  Refinery  
  70  5:23  Hellion  
  70  5:24  Hellion  
  70  5:26  Marine  
  70  5:28  SCV  
  76  5:30  SCV  
  77  5:38  Starport  
  77  5:40  SCV  
  77  5:42  SCV, Supply Depot  
  78  5:43  Marine  
  78  5:46  Supply Depot  
  78  5:47  Terran Infantry Weapons Level 1, Terran Infantry Armor Level 1  
  80  5:52  SCV  
  80  5:55  SCV  
  82  5:59  Barracks  
  82  6:00  Barracks  
  82  6:02  Marine  
  83  6:05  Orbital Command  
  83  6:06  SCV  
  83  6:10  SCV  
  85  6:13  Siege Tank  
  85  6:17  Supply Depot  
  88  6:20  SCV, Marine  
  88  6:23  Starport Reactor, SCV  
  88  6:24  Factory Reactor  
  84  6:31  SCV  
  84  6:32  SCV  
  84  6:35  SCV  
  84  6:37  Marine  
  81  6:43  SCV  
  81  6:44  SCV  
  83  6:47  SCV  
  83  6:51  Siege Tank, Barracks Reactor  
  86  6:55  Marine, SCV  
  86  6:56  Armory, Marine, SCV  
  86  6:57  Supply Depot  
  86  6:58  Marine  
  86  7:00  SCV  
  90  7:03  Medivac  
  90  7:07  Medivac  
  94  7:08  SCV  
  94  7:10  Cyclone  
  94  7:11  Cyclone  
  94  7:13  Marine  
  94  7:14  Marine  
  97  7:16  Marine  
  97  7:21  Supply Depot  
  96  7:23  SCV x2  
  96  7:24  SCV  
  96  7:27  Siege Tank  
  96  7:31  Marine x2  
  96  7:34  Marine  
  96  7:35  SCV  
  96  7:36  SCV  
  99  7:37  Marine  
  99  7:39  Marine  
  99  7:41  Medivac x2  
  99  7:42  Marine  
  99  7:44  SCV  
  105  7:46  Widow Mine x2  
  105  7:48  SCV  
  105  7:50  Marine  
  109  7:51  SCV  
  109  7:53  Marauder, Marine  
  109  7:55  Marine  
  109  7:56  SCV  
  115  7:58  Marine  
  115  7:59  Refinery  
  115  8:00  Supply Depot, SCV, Marine  
  115  8:04  Siege Tank  
  122  8:05  SCV  
  122  8:08  Marine, SCV  
  122  8:10  Marine  
  122  8:11  Widow Mine x2  
  122  8:12  SCV  
  130  8:13  Marine  
  130  8:17  SCV  
  130  8:19  Marauder, Marine  
  127  8:22  Combat Shield  
  127  8:23  SCV  
  127  8:26  Marine  
  127  8:27  Barracks Reactor, Refinery  
  127  8:28  SCV  
  127  8:30  Marine  
  129  8:34  Marine  
  129  8:37  Supply Depot  
  129  8:38  Terran Infantry Weapons Level 2  
  129  8:39  Marine  
  129  8:40  Marine  
  132  8:43  SCV  
  132  8:44  Command Center, Marine  
  132  8:45  Drilling Claws  
  134  8:50  Marine, Widow Mine x3  
  141  8:58  Barracks x2, Marine x2  
  141  9:00  Barracks  
  143  9:03  Supply Depot  
  143  9:06  Supply Depot  
  143  9:07  Marauder, Marine  
  146  9:10  Medivac  
  146  9:11  Marine  
  149  9:20  Supply Depot  
  149  9:24  Medivac, Marine x2  
  149  9:25  Widow Mine x2  
  149  9:27  Siege Tank, Terran Infantry Armor Level 2  
  160  9:32  Marine x2  
  160  9:33  Marine x2  
  160  9:35  Marine  
  165  9:42  Marine x2  
  165  9:44  SCV  
  165  9:45  SCV  
  166  9:47  Ghost Academy  
  166  9:49  Marine, Supply Depot  
  166  9:50  Marine  
  166  9:52  Barracks Tech Lab x2  
  168  9:53  Marauder  
  168  9:54  SCV  
  168  9:57  SCV  
  168  9:59  Factory Tech Lab  
  172  10:00  SCV  
  172  10:02  Missile Turret  
  172  10:04  Marine  
  172  10:06  SCV  
  171  10:07  Marine  
  171  10:08  Marine  
  171  10:09  SCV  
  171  10:13  Barracks Tech Lab  
  170  10:15  Siege Tank, Marauder  
  170  10:16  SCV  
  170  10:18  SCV  
  170  10:19  Siege Tank  
  170  10:20  Ghost  
  180  10:25  Ghost  
  174  10:28  Viking  
  174  10:29  Marine  
  174  10:33  Ghost  
  167  10:36  SCV  
  167  10:37  SCV  
  167  10:38  Refinery  
  167  10:40  Refinery  
  167  10:42  Ghost  
  171  10:44  Medivac  
  171  10:48  Ghost, Marine x2  
  171  10:49  Marine  
  172  10:53  Planetary Fortress  
  172  10:54  Marine  
  172  10:56  Marine x2  
  175  11:04  Ghost  
  175  11:07  Ghost  
  174  11:13  SCV  
  174  11:14  Command Center  
  174  11:15  Missile Turret, Marine x3  
  174  11:16  SCV  
  174  11:17  Viking  
  176  11:20  Missile Turret  
Tags
 
Add a new tag
Caveats
  • Supply blocks, unpowered buildings, or Contaminate may cause inaccurate times.
  • Supply counts are checked every 10 seconds.